 Dungeon Crawl Stone Soup version 0.31-a0-188-g5e087ee2ca (webtiles) character file.

Game seed: 3217220790994183439

129 qw the Skirmisher (level 4, -2/25 HPs)
             Began as a Deep Elf Hunter on June 23, 2023.
             Slain by Duvessa
             ... wielding a +0 short sword
              (4 damage)
             ... on level 4 of the Dungeon.
             The game lasted 00:01:00 (2417 turns).

qw the Skirmisher (Deep Elf Hunter)                 Turns: 2417, Time: 00:01:01

Health: -2/25      AC: 11    Str: 10    XL:     4   Next: 88%
Magic:  6/6        EV:  9    Int: 14    God:
Gold:   125        SH:  0    Dex: 18    Spells: 3/3 levels left

rFire   . . .        Y - +0 shortbow
rCold   . . .        (shield currently unavailable)
rNeg    . . .        e - +0 scale mail
rPois   .            (no helmet)
rElec   .            a - scarf {repulsion}
rCorr   .            f - +2 pair of gloves
SInv    .            (no boots)
Will    .....        (no amulet)
Stlth   +            (no ring)
HPRegen 0.24/turn    (no ring)
MPRegen 0.10/turn

%: repel missiles
@: lit by a corona, glowing
A: iridescent scales 1, mutation resistance 1
a: no special abilities


You were on level 4 of the Dungeon.
You visited 1 branch of the dungeon, and saw 4 of its levels.

You collected 125 gold pieces.


Innate Abilities, Weirdness & Mutations

You are partially covered in iridescent scales. (AC +2)
You are somewhat resistant to further mutation.


   Skills:
 - Level 1.5 Fighting
 + Level 8.3 Ranged Weapons
 - Level 2.4 Dodging
 - Level 1.2 Stealth


You had 3 spell levels left.
You didn't know any spells.
Your spell library was empty.

Inventory:

Hand Weapons
 Y - a +0 shortbow (weapon)
Armour
 a - a scarf of repulsion (worn)
 e - a +0 scale mail (worn)
 f - a +2 pair of gloves (worn)
Jewellery
 d - a ring of ice
Scrolls
 b - 2 scrolls of identify
Potions
 g - a potion of mutation

Dungeon Overview and Level Annotations

Branches:
Dungeon (4/15)
 Temple: D:4-7

Altars:
Cheibriados

Annotations:
D:4 Dowan, Duvessa


Message History

You shoot an arrow. The arrow hits Duvessa.
Duvessa is lightly wounded.
You shoot an arrow.
The arrow hits Duvessa but does no damage.
Duvessa is lightly wounded.
You shoot an arrow.
The arrow hits Duvessa but does no damage.
Duvessa is lightly wounded.
You shoot an arrow.
The arrow hits Duvessa but does no damage.
Duvessa is lightly wounded.
Duvessa hits you with a +0 short sword.
Dowan gestures wildly while chanting.
Dowan blinks!
Duvessa hits you with a +0 short sword.
You shoot an arrow.
The arrow hits Duvessa but does no damage.
Duvessa is lightly wounded.
Dowan says, "Stay away from my face!"
Duvessa hits you but does no damage.
You shoot an arrow.
The arrow hits Duvessa but does no damage.
Duvessa is lightly wounded.
Dowan casts a spell at Duvessa.
Duvessa seems to speed up.
Duvessa hits you with a +0 short sword!
You shoot an arrow.
The arrow hits Duvessa but does no damage.
Duvessa is lightly wounded.
Duvessa hits you with a +0 short sword. Duvessa completely misses you.
You shoot an arrow. The arrow hits Duvessa.
Duvessa is moderately wounded.
Duvessa hits you but does no damage. x2
Dowan gestures at you while chanting.
You are outlined in light.
You shoot an arrow.
The arrow hits Duvessa but does no damage.
Duvessa is moderately wounded.
Duvessa hits you with a +0 short sword! Duvessa hits you but does no damage.
You shoot an arrow. The arrow closely misses Duvessa.
Duvessa hits you with a +0 short sword.
You die...

############....# ..
#............#.##
#.##..........###.#
..............###.#
.................#
#....?.......########
###............#......?
........)......#.......
.##...<.......@e.....$
..............##e......
####.##.#####.# .......
# #.# ........... ...
....#....... ...# .###
........ ####.. .......
## .......


You could see Duvessa (fast) and Dowan.

Vanquished Creatures
  2 adders
  3 gnolls
  2 worms (D:2)
  4 dart slugs
  5 endoplasms
  4 giant cockroaches
  7 goblins
  5 hobgoblins
  8 kobolds
  A quokka (D:2)
  8 ball pythons
  6 bats
  2 frilled lizards (D:1)
  9 rats
66 creatures vanquished.

Notes
Turn   | Place    | Note
-------+----------+-------------------------------------------
     0 | D:1      | qw the Deep Elf Hunter began the quest for the Orb.
     0 | D:1      | Reached XP level 1. HP: 12/12 MP: 3/3
     0 | D:1      | 0 ||| qw: Version: 0.3-a-9-g12657ce
     0 | D:1      | 0 ||| qw: Game counter: 3882
     0 | D:1      | 0 ||| qw: Always use a shield: true
     0 | D:1      | 0 ||| qw: God list: Okawaru
     0 | D:1      | 0 ||| qw: Allow faded altars: false
     0 | D:1      | 0 ||| qw: Do Orc after D:15 true
     0 | D:1      | 0 ||| qw: Do second Lair branch before Depths: true
     0 | D:1      | 0 ||| qw: Lair rune preference: random
     0 | D:1      | 0 ||| qw: Plans: Normal
     0 | D:1      | 0 ||| PLANNING D:1-11
     9 | D:1      | 9 ||| FLEEEEING.
    12 | D:1      | 12 ||| FLEEEEING.
   148 | D:1      | Reached XP level 2. HP: 16/16 MP: 4/4
   159 | D:1      | Reached skill level 6 in Ranged Weapons
   332 | D:1      | Reached XP level 3. HP: 17/20 MP: 5/5
   676 | D:1      | 676 ||| UPGRADING to +0 scale mail.
   686 | D:1      | 686 ||| DROPPING +0 leather armour.
   687 | D:1      | 687 ||| READING scroll labelled BUELOIMU POSEL.
   688 | D:1      | 688 ||| READING scroll labelled CEIRAE GEMMA.
   693 | D:1      | 693 ||| READING scroll labelled BOMUKI ZUNI.
   694 | D:1      | 694 ||| READING scroll labelled BYJUSH UKIN.
   695 | D:1      | 695 ||| DRINKING 2 fuming dark potions.
   696 | D:1      | 696 ||| DROPPING scroll of butterflies.
  1029 | D:2      | Reached skill level 7 in Ranged Weapons
  1136 | D:2      | Reached XP level 4. HP: 24/25 MP: 6/6
  1618 | D:2      | 1618 ||| READING scroll labelled GETU UBIOLUUL.
  1619 | D:2      | 1619 ||| READING 2 scrolls labelled ZOCKEN IGAOJ.
  1620 | D:2      | 1620 ||| READING scroll labelled SUHUGA ZENG.
  1621 | D:2      | 1621 ||| READING 2 scrolls labelled ERYRGH HAEROASA.
  1622 | D:2      | 1622 ||| DRINKING 2 sedimented green potions.
  1622 | D:2      | Gained mutation: You are partially covered in iridescent
                  | scales. (AC +2) [potion of mutation]
  1622 | D:2      | Gained mutation: You are somewhat resistant to further
                  | mutation. [potion of mutation]
  1652 | D:3      | 1652 ||| STAIRDANCE
  1711 | D:3      | 1711 ||| STAIRDANCE
  1715 | D:2      | HP: 1/25 [gnoll/+0 flail (6)]
  1716 | D:2      | 1716 ||| DRINKING potion of heal wounds.
  1718 | D:2      | Reached skill level 8 in Ranged Weapons
  2267 | D:3      | Found a snail-covered altar of Cheibriados.
  2319 | D:3      | 2319 ||| UPGRADING to scarf of repulsion.
  2324 | D:3      | 2324 ||| UPGRADING to +0 pair of gloves.
  2329 | D:3      | 2329 ||| READING 2 scrolls of enchant armour.
  2329 | D:3      | 2329 ||| ENCHANTING +0 pair of gloves.
  2330 | D:3      | 2330 ||| READING scroll of enchant armour.
  2330 | D:3      | 2330 ||| ENCHANTING +1 pair of gloves.
  2331 | D:3      | 2331 ||| READING scroll labelled ZUEXTOU RIMEOQ.
  2332 | D:3      | 2332 ||| DRINKING 2 black potions.
  2360 | D:3      | 2360 ||| DROPPING potion of lignification.
  2406 | D:4      | Noticed Duvessa
  2406 | D:4      | Noticed Dowan
  2416 | D:4      | HP: 2/25 [Duvessa/+0 short sword (7)]
  2417 | D:4      | Slain by Duvessa

Levels and vault maps discovered:
D:1:      wander_arrival_peaceful_grave, layout_basic, serial_bayou,
          serial_bayou_shore_a, serial_bayou_crossing, serial_bayou_shore_b,
          serial_bayou_pond_e
D:2:      layout_basic, minmay_heptomino_d4
D:3:      layout_loops_ring, chei_slow_surprise
D:4:      layout_rooms, minmay_ogre_servants, uniq_crazy_yiuf_cottage,
          uniq_duvessa

Skill      XL: |  1  2  3  4 |
---------------+-------------+-----
Ranged Weapons | 6 7 8 |  8.3
Fighting       | |  1.5
Dodging        | |  2.4
Stealth        | |  1.2

Action                     |  1- 3 |  4- 6 || total
---------------------------+-------+-------++-------
   Fire: Shortbow          |   128 |    91 ||   219
    Use: Scroll            |     4 |     7 ||    11
         Potion            |     1 |     3 ||     4
 Armour: Leather armour    |     5 |       ||     5
         Scale mail        |    15 |    20 ||    35
  Dodge: Dodged            |    35 |    30 ||    65

Table legend:
 A = Non-vault XP
 B = Vault XP
 C = Vault XP percentage of total XP
 D = Non-vault monster count
 E = Vault monster count
 F = Vault count percentage of total count
                 A         B        C        D         E       F
            +---------+---------+-------+---------+---------+-------
      Total |     179 |       6 |   3.2 |      62 |       4 |   6.1
            +---------+---------+-------+---------+---------+-------
        D:1 |      53 |       0 |   0.0 |      28 |       0 |   0.0
        D:2 |      81 |       6 |   6.9 |      19 |       4 |  17.4
        D:3 |      44 |       0 |   0.0 |      14 |       0 |   0.0
        D:4 |       1 |       0 |   0.0 |       1 |       0 |   0.0
            +---------+---------+-------+---------+---------+-------
